 Dungeon Crawl Stone Soup version 0.20.1-1-g8b1a95d (webtiles) character file.

10361 rrRat the Grappler (level 11, -3/97 HPs)
             Began as a Troll Fighter on Nov 1, 2017.
             Hit by a javelin thrown by Urug (11 damage)
             ... on level 1 of the Orcish Mines.
             The game lasted 01:31:45 (10199 turns).

rrRat the Grappler (Troll Fighter)                 Turns: 10199, Time: 01:31:53

Health: -3/97      AC: 12    Str: 27    XL:     11   Next: 35%
Magic:  12/12      EV: 10    Int:  4    God:    Xom [....*.]
Gold:   178        SH: 10    Dex:  9    Spells: 10/11 levels left

rFire    . . .     SeeInvis +     - Unarmed
rCold    . . .     Gourm    +   b - +0 shield
rNeg     . . .     Faith    .   G - +0 troll leather armour
rPois    .         Spirit   .   L - +2 hat
rElec    .         Reflect  .   p - +2 cloak
rCorr    .         Harm     .   (gloves unavailable)
MR       .....                  (boots unavailable)
Stlth    ++........             (no amulet)
Regen    1.1/turn               C - ring of wizardry
MPRegen  0.2/turn               x - ring of see invisible

@: drained
A: unfitting armour, claws 3, camouflage 1, fast metabolism 3, gourmand, high mp
1, regeneration 1, shaggy fur 1, tough skin 2, weak 1
a: Renounce Religion


You were on level 1 of the Orcish Mines.
You worshipped Xom.
You were a beloved toy of Xom.
You were full.

You visited 3 branches of the dungeon, and saw 12 of its levels.
You also visited: Bailey.

You collected 740 gold pieces.
You spent 562 gold pieces at shops.

Inventory:

Hand Weapons
 H - a +0 arbalest
Missiles
 F - 17 tomahawks of returning (quivered)
Armour
 b - a +0 shield (worn)
 h - a +2 robe of the Archmagi
 p - a +2 cloak (worn)
 A - a +2 robe of cold resistance
 G - a +0 troll leather armour (worn)
 K - a +0 robe of positive energy
 L - a +2 hat (worn)
Jewellery
 x - a ring of see invisible (right claw)
 C - a ring of wizardry (left claw)
Wands
 i - a wand of lightning (9/15)
 y - a wand of acid (7/15)
 M - a wand of paralysis (15/24)
Scrolls
 a - a scroll of vulnerability {unknown}
 f - 3 scrolls of recharging
 g - 2 scrolls of fog {unknown}
 j - 3 scrolls of identify
 n - 3 scrolls of remove curse
 q - 3 scrolls of teleportation
 s - a scroll of magic mapping
 t - 3 scrolls of enchant armour
 w - 2 scrolls of enchant weapon {unknown}
 I - 2 scrolls of amnesia {unknown}
 J - a scroll of brand weapon {unknown}
Potions
 c - a potion of might
 e - a potion of ambrosia
 k - 3 potions of curing
 o - 6 potions of agility
 r - 2 potions of lignification
 u - 2 potions of haste
 B - 5 potions of flight
 D - 4 potions of brilliance
Books
 z - a book of Geomancy

   Spells                             Type                      Level
   a - Sandblast                      Earth                        1
   b - Passwall                       Transmutation/Earth          2
   c - Stone Arrow                    Conjuration/Earth            3
   d - Petrify                        Transmutation/Earth          4
   e - Lee's Rapid Deconstruction     Earth                        5
 E - a book of Minor Magic

   Spells                             Type                      Level
   a - Magic Dart                     Conjuration                  1
   b - Blink                          Translocation                2
   c - Call Imp                       Summoning                    2
   d - Slow                           Hexes                        2
   e - Conjure Flame                  Conjuration/Fire             3
   f - Mephitic Cloud                 Conjuration/Poison/Air       3
Comestibles
 d - 9 bread rations
 l - 8 meat rations
 m - 10 fruits
 v - 8 royal jellies


   Skills:
 + Level 3.4(3.0) Fighting
 + Level 0.8(0.5) Throwing
 + Level 1.2(0.8) Armour
 + Level 6.2(5.8) Dodging
 + Level 2.3(1.9) Stealth
 + Level 6.4(6.1) Shields
 * Level 13.5(13.0) Unarmed Combat
 + Level 0.7(0.4) Spellcasting
 + Level 0.3(0.0) Conjurations


You had 10 spell levels left.
You knew the following spells:

 Your Spells              Type           Power        Failure   Level  Hunger
a - Magic Dart            Conj           #...         41%         1    ##.....


Dungeon Overview and Level Annotations

Branches:
Dungeon (10/15)            Temple (1/1) D:4            Lair (0/6) D:8
    Orc (1/2) D:10

Altars:
Ashenzari
Dithmenos
Elyvilon
Fedhas
Gozag
Hepliaklqana
Kikubaaqudgha
Makhleb
Nemelex Xobeh
Okawaru
Qazlal
Ru
Sif Muna
Trog
Vehumet
Xom
The Shining One

Shops:
D:4 *   D:9 ?:%   D:10 [

Annotations:
Orc:1 Josephine, Urug


Innate Abilities, Weirdness & Mutations

You are too large for most types of armour.
You have claws for hands.
Your metabolism is lightning-fast.
You like to eat raw meat.
Your natural rate of healing is unusually fast.
You are covered in fur. (AC +1)
You have very tough skin. (AC +2)
Your skin changes colour to match your surroundings (Stealth+).
You have an increased reservoir of magic. (+10% MP)
You are weak. (Str -2)


Message History

You are electrocuted!
* * * LOW HITPOINT WARNING * * *
The area is suffused with divine lightning!
The blast of lightning engulfs the orc.
The orc dies!
The blast of lightning engulfs the orc wizard.
The orc wizard dies!
The blast of lightning engulfs the orc warrior.
The orc warrior dies!
The blast of lightning engulfs the orc warrior.
The orc warrior dies!
The blast of lightning engulfs the orc warrior.
The orc warrior dies!
The blast of lightning engulfs the orc wizard.
The orc wizard dies!
You hear a howl!
You hear a shout! x13
Urug squints and says, "My one eye mightn't be all that good, but I can see you just fine with it, harpy."
Urug throws a javelin.
The javelin hits you!
You die...
Xom titters!

#.....#..##
..#######.........#
..........###.#..##
.S..........##....#
..................#
.................##
..............#.##
....>............#
...)..)@§.......##
o.....§§§.#.#.##.#
......§§§$.#......#
...$.............##
.................#
..................
..o..o..#........#
...........#....##
)...$.......#..


You could see Urug, an orc wizard, an orc and a ball python.

Vanquished Creatures
  3 two-headed ogres
  An orc knight (Bailey)
  A water nymph (D:10)
  2 trolls
  A hippogriff (D:9)
  Sigmund (D:4)
  2 hungry ghosts
  2 wargs (Orc:1)
  2 water moccasins
  10 orc warriors
  2 ice beasts
  A phantom (D:7)
  2 sky beasts
  6 ogres
  An ogre (shapeshifter) (Orc:1)
  A wolf (shapeshifter) (Bailey)
  4 centaurs
  Blork the orc (D:4)
  5 bullfrogs
  A water moccasin zombie (D:5)
  A wyvern skeleton (D:7)
  A scorpion (D:8)
  5 killer bees (D:10)
  8 wights (D:8)
  3 howler monkeys
  4 crimson imps
  A bullfrog zombie (D:9)
  3 hounds
  A jelly (D:9)
  A quasit (D:8)
  2 centaur skeletons
  6 orc priests
  2 bullfrog skeletons
  4 iguanas
  11 orc wizards
  2 worker ants
  A killer bee zombie (D:6)
  A hound zombie (D:5)
  3 hound skeletons
  11 gnolls
  A worker ant zombie (D:5)
  8 adders
  3 shadow imps
  An ooze (shapeshifter) (Bailey)
  2 oozes
  An adder zombie (D:10)
  An adder skeleton (D:4)
  3 dart slugs
  A worm (D:3)
  4 leopard geckos
  39 orcs
  4 giant cockroaches
  14 goblins
  7 hobgoblins
  11 jackals
  8 quokkas
  A ball python (D:2)
  A ball python skeleton (D:5)
  13 bats
  7 frilled lizards
  A jackal skeleton (D:4)
  A jackal zombie (D:5)
  22 kobolds
  A leopard gecko skeleton (D:6)
  A leopard gecko zombie (D:5)
  6 rats
282 creatures vanquished.

Vanquished Creatures (collateral kills)
  Erica (D:9)
  The ghost of Frank the Carver, a novice OpFi (D:9)
  A hippogriff (D:9)
  A black bear (D:9)
  An orc warrior (D:10)
  A wight (D:8)
  A shadow imp (D:9)
  6 orcs
13 creatures vanquished.

Vanquished Creatures (others)
  3 orc warriors (Orc:1)
  3 orc wizards
  6 orcs (Orc:1)
12 creatures vanquished.

Grand Total: 307 creatures vanquished

Notes
Turn   | Place    | Note
-------+----------+-------------------------------------------
     0 | D:1      | rrRat the Troll Fighter began the quest for the Orb.
     0 | D:1      | Reached XP level 1. HP: 22/22 MP: 0/0
   556 | D:1      | Reached XP level 2. HP: 29/29 MP: 1/1
  1266 | D:2      | Reached XP level 3. HP: 36/36 MP: 2/2
  1628 | D:2      | Reached XP level 4. HP: 41/44 MP: 3/3
  2210 | D:3      | Reached skill level 3 in Unarmed Combat
  2968 | D:4      | Noticed an ogre
  2983 | D:4      | HP: 2/44 [ogre/giant club (13)]
  2986 | D:4      | Killed an ogre
  2986 | D:4      | Reached XP level 5. HP: 4/50 MP: 4/4
  3186 | D:4      | Found Ker Ehow's Assorted Antiques.
  3198 | D:4      | Bought a diamond ring for 100 gold pieces
  3277 | D:4      | Found a staircase to the Ecumenical Temple.
  3287 | Temple   | Entered the Ecumenical Temple
  3325 | Temple   | Became a worshipper of Xom of Chaos
  3475 | D:4      | XOM: divination: detect items
  3482 | D:4      | Reached skill level 4 in Unarmed Combat
  3559 | D:4      | Noticed Sigmund
  3572 | D:4      | Killed Sigmund
  3572 | D:4      | Reached skill level 5 in Unarmed Combat
  3572 | D:4      | Reached XP level 6. HP: 44/59 MP: 5/5
  3665 | D:4      | Noticed Blork the orc
  3672 | D:4      | XOM: harmless Chrm miscast
  3683 | D:4      | Killed Blork the orc
  3744 | D:4      | XOM: silly message
  3894 | D:4      | Reached XP level 7. HP: 21/66 MP: 6/6
  3931 | D:4      | XOM: harmless Fire miscast
  4217 | D:5      | Entered Level 5 of the Dungeon
  4252 | D:5      | XOM: harmless Tloc miscast
  4389 | D:5      | XOM: polymorph orc -> rat
  4405 | D:5      | Reached skill level 6 in Unarmed Combat
  4435 | D:5      | XOM: summons 2 hostile shadow creatures
  4532 | D:5      | Noticed a troll
  4542 | D:5      | XOM: summons 1 hostile shadow creature
  4545 | D:5      | Killed a troll
  4545 | D:5      | Reached skill level 7 in Unarmed Combat
  4545 | D:5      | Reached XP level 8. HP: 47/74 MP: 7/7
  4607 | D:5      | XOM: harmless Pois miscast
  4887 | D:6      | Reached skill level 8 in Unarmed Combat
  5033 | D:6      | XOM: medium Tmut miscast
  5104 | D:6      | XOM: swap monsters
  5112 | D:6      | XOM: stat loss: -1 Dex (8/9)
  5123 | D:6      | XOM: mild Ice miscast
  5371 | D:6      | Found a shimmering altar of Xom.
  5459 | D:6      | XOM: harmless Chrm miscast
  5656 | D:7      | XOM: harmless Tloc miscast
  5670 | D:7      | XOM: confuse monster(s)
  5679 | D:7      | Reached skill level 1 in Stealth
  5690 | D:7      | Reached skill level 9 in Unarmed Combat
  5850 | D:7      | XOM: summons friendly white imp
  5895 | D:7      | XOM: enchant monster (bad)
  5900 | D:7      | Reached XP level 9. HP: 58/81 MP: 8/8
  6184 | D:7      | XOM: silly message
  6191 | D:7      | Reached skill level 10 in Unarmed Combat
  6429 | D:7      | Reached skill level 5 in Dodging
  6641 | D:8      | Found a staircase to the Lair.
  6663 | D:8      | Noticed a two-headed ogre
  6670 | D:8      | Killed a two-headed ogre
  6670 | D:8      | Reached skill level 5 in Shields
  6692 | D:8      | Reached skill level 11 in Unarmed Combat
  6716 | D:8      | XOM: summons 5 friendly demons
  6936 | D:8      | XOM: noise
  7219 | D:8      | Reached XP level 10. HP: 87/91 MP: 9/9
  7437 | D:8      | XOM: mild Fire miscast
  7458 | D:8      | XOM: mild Tmut miscast
  7493 | D:9      | Noticed Erica
  7562 | D:8      | XOM: give mutations
  7562 | D:8      | Gained mutation: You are partially covered in large bone plates. (SH +4) [Xom's mischief]
  7562 | D:8      | Gained mutation: You are dopey. (Int -2) [Xom's mischief]
  7562 | D:8      | Gained mutation: You are robust. (+10% HP) [Xom's mischief]
  7562 | D:8      | Gained mutation: You are agile. (Dex +2) [Xom's mischief]
  7588 | D:8      | Lost mutation: You are robust. (+10% HP) [potion of mutation]
  7588 | D:8      | Lost mutation: You are agile. (Dex +2) [potion of mutation]
  7588 | D:8      | Lost mutation: You are dopey. (Int -2) [potion of mutation]
  7588 | D:8      | Gained mutation: You are robust. (+10% HP) [potion of mutation]
  7588 | D:8      | Gained mutation: You are clumsy. (Dex -2) [potion of mutation]
  7588 | D:8      | Gained mutation: You are partially covered in thin metallic scales. (AC +2) [potion of mutation]
  7593 | D:8      | Lost mutation: You are robust. (+10% HP) [potion of mutation]
  7593 | D:8      | Lost mutation: You are clumsy. (Dex -2) [potion of mutation]
  7593 | D:8      | Lost mutation: You are partially covered in large bone plates. (SH +4) [potion of mutation]
  7593 | D:8      | Lost mutation: You are partially covered in thin metallic scales. (AC +2) [potion of mutation]
  7593 | D:8      | Gained mutation: You are frail. (-10% HP) [potion of mutation]
  7593 | D:8      | Gained mutation: You have a pair of small horns on your head. [potion of mutation]
  7593 | D:8      | Gained mutation: You are agile. (Dex +2) [potion of mutation]
  7593 | D:8      | Gained mutation: You are partially covered in icy blue scales. (AC +2) [potion of mutation]
  7595 | D:8      | Lost mutation: You are agile. (Dex +2) [potion of mutation]
  7595 | D:8      | Lost mutation: You are partially covered in icy blue scales. (AC +2) [potion of mutation]
  7595 | D:8      | Lost mutation: You are frail. (-10% HP) [potion of mutation]
  7595 | D:8      | Lost mutation: You have a pair of small horns on your head. [potion of mutation]
  7595 | D:8      | Gained mutation: You have an increased reservoir of magic. (+10% MP) [potion of mutation]
  7595 | D:8      | Gained mutation: Your skin changes colour to match your surroundings (Stealth+). [potion of mutation]
  7631 | D:9      | XOM: confusion (+ monsters)
  7698 | D:9      | XOM: summons 2 friendly demons
  7701 | D:9      | XOM: enchant monster (bad)
  7703 | D:9      | XOM: cast spell 'Summon Dragon'
  7708 | D:9      | Killed Erica
  7708 | D:9      | Reached skill level 12 in Unarmed Combat
  7712 | D:9      | XOM: summons 5 hostile demons
  7818 | D:9      | Noticed Frank's ghost (novice OpFi)
  7825 | D:9      | Killed Frank's ghost
  7939 | D:9      | Found Jyluroor's Food Shop.
  8136 | D:9      | Found Ahuic's Magic Scroll Emporium.
  8140 | D:9      | Bought a scroll of teleportation for 42 gold pieces
  8140 | D:9      | Bought a scroll of identify for 28 gold pieces
  8140 | D:9      | Bought a scroll of identify for 28 gold pieces
  8140 | D:9      | Bought a scroll of blinking for 105 gold pieces
  8241 | D:9      | Found Ixtiem's Book Emporium.
  8520 | D:9      | XOM: cast spell 'Ring of Flames'
  8641 | D:10     | Entered Level 10 of the Dungeon
  8663 | D:10     | Noticed a two-headed ogre
  8665 | D:10     | XOM: 2-stop teleportation journey
  8759 | D:10     | XOM: silly message
  8820 | D:10     | Killed a two-headed ogre
  8825 | D:10     | Found a flagged portal.
  8832 | D:10     | Noticed Nergalle
  8838 | D:10     | XOM: fog
  8855 | D:10     | Noticed Nergalle
  8855 | D:10     | Nergalle changed into Nergalle the water nymph
  8855 | D:10     | XOM: polymorph Nergalle -> Nergalle the water nymph
  8856 | D:10     | XOM: fake destruction
  8859 | D:10     | Killed Nergalle the water nymph
  8903 | D:10     | Reached skill level 13 in Unarmed Combat
  8910 | D:10     | Reached XP level 11. HP: 83/97 MP: 11/11
  8940 | Bailey   | Entered a bailey
  8960 | Bailey   | XOM: polymorph orc -> frilled lizard
  8963 | Bailey   | Noticed an orc knight
  9040 | Bailey   | Killed an orc knight
  9049 | Bailey   | XOM: polymorph orc warrior -> wolf
  9155 | Bailey   | XOM: 1-stop teleportation journey
  9202 | Bailey   | Learned a level 1 spell: Magic Dart
  9239 | Bailey   | Gained mutation: You are weak. (Str -2) [mutagenic glow]
  9553 | D:10     | XOM: enchant monster (good)
  9684 | D:10     | Found a staircase to the Orcish Mines.
  9768 | D:10     | Noticed a two-headed ogre
  9774 | D:10     | Killed a two-headed ogre
  9774 | D:10     | Reached skill level 1 in Armour
  9786 | D:10     | Found Ajaif's Antique Armour Emporium.
  9789 | D:10     | Bought an embroidered hat for 259 gold pieces
 10006 | D:10     | XOM: god gift: arbalest {god gift}
 10070 | Orc:1    | Entered Level 1 of the Orcish Mines
 10070 | Orc:1    | Noticed Josephine
 10074 | Orc:1    | XOM: smoke on damage
 10075 | Orc:1    | Noticed an orc knight
 10078 | Orc:1    | XOM: polymorph orc -> ball python
 10079 | Orc:1    | HP: 2/97 [orc priest/divine providence[an orc knight] (9)]
 10079 | Orc:1    | Xom revived you
 10182 | Orc:1    | XOM: polymorph orc warrior -> ogre
 10193 | Orc:1    | XOM: smoke on damage
 10195 | Orc:1    | XOM: destruction
 10196 | Orc:1    | Noticed Urug
 10199 | Orc:1    | XOM: divine lightning
 10199 | Orc:1    | Hit by a javelin thrown by Urug

Skill      XL: |  1  2  3  4  5  6  7  8  9 10 11 |
---------------+----------------------------------+-----
Shields        | 3 4 5 6 |  6.4
Unarmed Combat | 3 5 7 9 11 13 | 13.5
Dodging        | 3 4 5 6 |  6.2
Fighting       | 3 |  3.4
Stealth        | 1 2 |  2.3
Armour         | 1 |  1.2
Throwing       | |  0.8
Spellcasting   | |  0.7
Conjurations   | |  0.3

Action                   |  1- 3 |  4- 6 |  7- 9 | 10-12 || total
-------------------------+-------+-------+-------+-------++-------
Melee: Unarmed           |   124 |   114 |   358 |   311 ||   907
Throw: Tomahawk          |       |       |       |    12 ||    12
 Cast: Magic Dart        |       |       |       |    14 ||    14
  Use: Scroll            |       |       |     9 |     9 ||    18
       Potion            |       |       |     2 |     5 ||     7
 Stab: Confused          |       |       |     2 |     1 ||     3
       Sleeping          |       |       |     1 |     3 ||     4
       Distracted        |       |       |       |     1 ||     1
  Eat: Chunk             |     6 |    22 |    34 |    31 ||    93
       Meat ration       |     1 |       |       |       ||     1
       Fruit             |       |     5 |       |       ||     5
Armor: Robe              |    72 |    26 |   121 |    21 ||   240
       Troll leather arm |       |       |       |    66 ||    66
       Skin              |       |       |       |     6 ||     6
Dodge: Dodged            |    51 |    24 |   141 |   174 ||   390
Block: Shield            |    84 |    38 |   167 |   252 ||   541
